Map: Catalyst LE

Players

pillOw (Nina) - Winner!

  • Race: Protoss Protoss
  • League: Grandmaster
  • Spawn Location: 5:00

IIIIIIIIIIII

  • Race: Zerg Zerg
  • League: Master
  • Spawn Location: 11:00

VOD

Have the link to the VOD?

Description

Time

  • Played on: Feb. 2, 2018, 5:02 p.m.
  • Length: 10:20
Show
View Real Time Build Order
Export as new Build Order

pillOw Protoss - Winner!

Build Orders: 1 Gate Expand, Oracle Opening 

Get SALT Encoding   

  12  0:00  Probe  
  13  0:13  Probe  
  14  0:19  Pylon  
  14  0:25  Probe  
  15  0:37  Probe (Chrono Boost)  
  15  0:40  Gateway  
  16  0:47  Probe (Chrono Boost)  
  17  0:51  Assimilator  
  17  0:52  Probe  
  19  1:04  Probe  
  19  1:16  Probe  
  20  1:27  Nexus  
  20  1:40  Cybernetics Core  
  20  1:43  Probe  
  21  1:49  Assimilator  
  21  1:55  Probe  
  21  1:59  Pylon  
  22  2:07  Probe  
  23  2:15  Adept (Chrono Boost)  
  23  2:20  Probe  
  23  2:22  Stargate  
  26  2:34  Probe (Chrono Boost), Adept (Chrono Boost)  
  29  2:37  Warp Gate  
  29  2:40  Probe (Chrono Boost)  
  30  2:50  Probe x2 (Chrono Boost)  
  32  2:52  Gateway  
  32  2:56  Probe  
  33  2:58  Adept (Chrono Boost)  
  33  3:03  Probe  
  36  3:08  Oracle (Chrono Boost)  
  36  3:09  Probe  
  40  3:18  Adept  
  42  3:23  Probe x2  
  42  3:25  Pylon  
  44  3:32  Shield Battery  
  44  3:37  Shield Battery  
  44  3:40  Oracle (Chrono Boost)  
  44  3:41  Probe  
  44  3:47  Probe  
  47  3:49  Shield Battery  
  47  3:52  Pylon  
  47  3:54  Probe  
  48  3:59  Probe  
  49  4:06  Probe  
  50  4:11  Probe  
  50  4:16  Robotics Facility  
  51  4:18  Probe  
  51  4:19  Phoenix (Chrono Boost)  
  51  4:23  Probe  
  55  4:30  Probe  
  56  4:35  Probe  
  56  4:42  Adept x2  
  60  4:54  Probe  
  60  4:58  Probe  
  61  5:00  Cybernetics Core  
  61  5:05  Observer  
  62  5:08  Probe  
  62  5:11  Pylon  
  61  5:21  Gateway  
  61  5:28  Pylon  
  61  5:29  Pylon  
  61  5:30  Pylon  
  55  5:38  Zealot  
  55  5:39  Immortal  
  55  5:43  Pylon  
  55  5:52  Probe  
  55  5:55  Probe  
  54  6:04  Probe, Oracle  
  54  6:08  Probe, Gateway  
  54  6:09  Pylon  
  55  6:14  Gateway  
  55  6:16  Probe, Sentry  
  58  6:20  Probe  
  58  6:21  Assimilator  
  59  6:28  Probe (Chrono Boost)  
  59  6:30  Sentry, Assimilator  
  59  6:32  Probe (Chrono Boost)  
  64  6:40  Probe (Chrono Boost)  
  64  6:43  Probe (Chrono Boost)  
  64  6:46  Probe (Chrono Boost)  
  66  6:48  Probe (Chrono Boost), Sentry  
  69  6:54  Probe  
  69  6:56  Immortal (Chrono Boost)  
  69  6:58  Probe  
  75  7:06  Gateway x2  
  72  7:27  Warp Prism (Chrono Boost)  
  72  7:29  Sentry x2  
  76  7:36  Gateway  
  78  7:39  Gateway  
  78  7:40  Pylon  
  78  7:41  Pylon  
  78  7:42  Sentry  
  80  7:52  Pylon  
  78  8:09  Pylon  
  78  8:16  Gateway  
  78  8:18  Pylon  
  78  8:22  Stalker x5  
  88  8:32  Nexus  
  88  8:35  Pylon  
  88  8:37  Adept  
  90  8:46  Zealot  
  90  8:47  Zealot x2  
  96  8:52  Adept  
  96  8:53  Adept  
  100  9:08  Stalker x3  
  94  9:18  Adept x2  
  94  9:28  Sentry x2  
  98  9:34  Adept x3  
  104  9:39  Pylon  
  104  9:48  Adept x2  
  104  9:53  Adept x2  
  102  10:03  Adept x2  
  102  10:04  Adept  
Show
View Real Time Build Order
Export as new Build Order

IIIIIIIIIIII Zerg 

Build Orders: Hatch First 

Get SALT Encoding   

  12  0:00  Drone  
  13  0:13  Overlord  
  13  0:16  Drone  
  14  0:31  Drone x2  
  16  0:50  Hatchery  
  16  0:54  Drone  
  16  0:57  Drone  
  17  1:06  Drone  
  17  1:10  Extractor  
  17  1:18  Spawning Pool  
  16  1:20  Drone  
  17  1:27  Drone  
  17  1:31  Drone  
  19  1:42  Overlord  
  19  2:05  Queen  
  19  2:06  Zergling x4  
  19  2:07  Queen  
  25  2:08  Drone  
  25  2:13  Metabolic Boost  
  26  2:17  Drone  
  27  2:23  Evolution Chamber  
  26  2:30  Drone  
  26  2:32  Drone  
  26  2:35  Zergling x2  
  26  2:36  Zergling x2  
  30  2:39  Drone  
  31  2:50  Drone x2  
  33  2:51  Zerg Melee Weapons Level 1  
  33  3:04  Overlord  
  32  3:07  Overlord  
  32  3:10  Zergling x2  
  32  3:11  Zergling x2  
  34  3:16  Overlord  
  34  3:18  Zergling x2  
  35  3:20  Overlord  
  35  3:22  Overlord  
  35  3:24  Zergling x2  
  36  3:28  Zergling x4  
  38  3:44  Zergling x8  
  42  3:57  Hatchery  
  42  4:00  Zergling x6  
  44  4:05  Spore Crawler  
  42  4:11  Zergling x6  
  45  4:21  Zergling x8  
  49  4:26  Zergling x4  
  51  4:37  Zergling x6  
  51  4:38  Zergling x4  
  55  4:44  Zergling x4  
  56  4:51  Zergling x2  
  56  4:52  Zergling x6  
  53  4:56  Drone  
  50  5:12  Drone x2  
  52  5:20  Drone  
  52  5:21  Drone  
  53  5:22  Drone x2  
  53  5:23  Queen  
  53  5:26  Zergling x6  
  56  5:30  Zergling x6  
  49  5:55  Zergling x2  
  49  5:56  Zergling x10  
  49  5:58  Overlord  
  49  5:59  Drone x2, Spore Crawler  
  49  6:00  Drone  
  49  6:02  Drone  
  51  6:09  Lair  
  51  6:10  Drone x2  
  53  6:13  Drone x2  
  53  6:15  Spore Crawler  
  53  6:22  Drone x2  
  53  6:24  Drone x3  
  58  6:30  Overlord  
  58  6:32  Drone x2  
  60  6:35  Baneling Nest  
  60  6:36  Drone x3, Extractor  
  60  6:50  Overlord  
  60  6:57  Drone x3  
  60  6:58  Drone x2, Overlord  
  60  6:59  Drone  
  60  7:01  Zergling x4  
  68  7:02  Extractor  
  68  7:05  Overlord  
  68  7:06  Queen  
  69  7:13  Drone x2  
  64  7:17  Drone x2  
  64  7:18  Drone x4  
  65  7:22  Drone  
  65  7:27  Overlord  
  65  7:31  Drone x2  
  65  7:32  Drone  
  65  7:35  Hydralisk Den  
  65  7:36  Baneling x2  
  65  7:37  Baneling x3, Zergling x2  
  67  7:41  Zergling x4  
  68  8:00  Overlord  
  68  8:02  Drone x3  
  68  8:03  Drone  
  68  8:04  Extractor, Hydralisk x3  
  75  8:06  Overlord  
  75  8:07  Drone x3  
  78  8:13  Muscular Augments  
  78  8:21  Zergling x4  
  78  8:22  Zergling x8  
  78  8:25  Spine Crawler  
  78  8:26  Spine Crawler  
  82  8:29  Baneling  
  82  8:30  Baneling x4  
  82  8:33  Drone x3  
  84  8:35  Hydralisk  
  84  8:39  Hydralisk  
  88  8:42  Hydralisk  
  90  8:52  Zergling x10  
  90  8:53  Zergling x6  
  96  9:05  Hydralisk x3  
  96  9:06  Zergling x4  
  84  9:17  Hydralisk x4  
  84  9:22  Hydralisk  
  84  9:25  Zergling x6  
  84  9:28  Baneling x2  
  84  9:29  Zergling x6  
  84  9:30  Zergling x4  
  89  9:37  Baneling x4  
  85  9:40  Zergling x6  
  79  9:55  Zergling x10  
  79  9:56  Zergling x2  
Tags
 
Add a new tag
Caveats
  • Supply blocks, unpowered buildings, or Contaminate may cause inaccurate times.
  • Supply counts are checked every 10 seconds.